 Dungeon Crawl Stone Soup version 0.17-a0-1954-g0dddeaa (webtiles) character file.

50 glosham the Skirmisher (level 3, -1/31 HPs)
             Began as a Demigod Skald on Oct 3, 2015.
             Killed from afar by Natasha (9 damage)
             ... with a magic dart
             ... on level 2 of the Dungeon.
             The game lasted 00:13:40 (810 turns).

glosham the Skirmisher (Demigod Skald)               Turns: 810, Time: 00:13:40

Health: -1/31      AC:  4    Str: 17    XL:     3   Next: 35%
Magic:  8/8        EV: 11    Int: 16    God:
Gold:   61         SH:  0    Dex: 15    Spells: 2 memorised, 2 levels left

rFire  . . .     SeeInvis .     a - +1 hand axe
rCold  . . .     Clarity  .     X - +1 leather armour
rNeg   . . .     SustAt   +     (no shield)
rPois  .         Gourm    .     (no helmet)
rElec  .         Spirit   .     (no cloak)
rCorr  .         Warding  .     (no gloves)
rMut   +         Stasis   .     (no boots)
MR     .....                    z - amulet of resist mutation
Stlth  +.........               (no ring)
                                (no ring)

@: not resistant to hostile enchantments, very unstealthy
A: high mp 1, sustain attributes
a: no special abilities


You were on level 2 of the Dungeon.
You were not hungry.

You visited 1 branch of the dungeon, and saw 2 of its levels.

You collected 61 gold pieces.

Inventory:

Hand weapons
 a - a +1 hand axe (weapon)
Missiles
 e - 37 sling bullets
Armour
 X - a +1 leather armour (worn)
Jewellery
 z - an amulet of resist mutation (around neck)
Scrolls
 j - a scroll of teleportation
Potions
 c - a potion of brilliance {unknown}
 f - a potion of cancellation
 g - a potion of mutation {!q}
 m - a potion of haste
Books
 b - a book of Battle

   Spells                             Type                      Level
   a - Infusion                       Charms                       1
   b - Shroud of Golubria             Charms/Translocation         2
   c - Song of Slaying                Charms                       2
   d - Spectral Weapon                Hexes/Charms                 3
   e - Regeneration                   Charms/Necromancy            3
Comestibles
 d - a bread ration
 n - a chunk of flesh


   Skills:
 * Level 3.6 Fighting
 - Level 1.7 Axes
 - Level 0.8 Armour
 - Level 0.8 Dodging
 - Level 1.7 Spellcasting
 - Level 2.6 Charms


You had 2 spell levels left.
You knew the following spells:

 Your Spells              Type           Power        Failure   Level  Hunger
i - Infusion              Chrm           ##....       10%         1    ##.....
s - Shroud of Golubria    Chrm/Tloc      #.........   24%         2    ###....


Dungeon Overview and Level Annotations

Branches:
Dungeon (2/15)

Annotations:
D:2 Natasha


Innate Abilities, Weirdness & Mutations

You have an increased reservoir of magic (+10% MP).
Your attributes are resistant to harm.


Message History

You start resting.
Natasha, Servant of Life and Death opens the door.
Natasha barely misses you.
Found an escape hatch in the floor.
There is an open door here.
You hit Natasha.
Natasha is lightly wounded.
Natasha stares at you and mumbles some strange words.
The magic dart hits you!
You hit Natasha.
Natasha is moderately wounded.
Natasha mumbles some strange words.
Natasha casts a spell next to you.
A cloud of flames roars to life!
You slash Natasha!
Natasha is severely wounded.
Natasha closely misses you.
You closely miss Natasha.
Natasha is severely wounded.
Natasha claws you.
You barely miss Natasha.
Natasha is severely wounded.
Natasha casts a spell.
You barely miss Natasha.
Natasha is severely wounded.
You hit the shadow imp.
The shadow imp is moderately wounded.
Natasha misses you. The shadow imp barely misses you.
Your magical contamination has completely faded away.
You barely miss Natasha.
Natasha is severely wounded.
You hit the white imp.
The white imp is heavily wounded.
You closely miss the shadow imp.
The shadow imp is moderately wounded.
Natasha claws you but does no damage. The shadow imp closely misses you.
The white imp gestures at you. The puff of frost hits you!
Natasha casts a spell at you. The magic dart hits you!
You die...

......# #.........
......# #.........
......# #........#
......# #........
......####........
.............#
.............# #####.#
.............####5.....#
...............ยง@5......
.............####h......
######.......# .......
#### #.......# .......
...########### .>.....
...'.....# .....##
...#####.# .....# ...#
#.# .....# ...#####.#


You could see Natasha, a white imp and a shadow imp.

Vanquished Creatures
  Terence (D:2)
  2 bats (D:1)
  4 giant cockroaches (D:1)
  2 goblins (D:1)
  5 hobgoblins (D:1)
  4 kobolds (D:1)
  2 giant newts (D:1)
  3 rats (D:1)
23 creatures vanquished.

Notes
Turn   | Place    | Note
--------------------------------------------------------------
     0 | D:1      | glosham the Demigod Skald began the quest for the Orb.
     0 | D:1      | Reached XP level 1. HP: 17/17 MP: 5/5
    34 | D:1      | Reached skill level 2 in Fighting
   209 | D:1      | Reached XP level 2. HP: 23/25 MP: 4/7
   433 | D:1      | Reached skill level 3 in Fighting
   581 | D:1      | Learned a level 2 spell: Shroud of Golubria
   663 | D:2      | Noticed Terence
   701 | D:2      | Killed Terence
   701 | D:2      | Reached XP level 3. HP: 21/31 MP: 8/8
   797 | D:2      | Noticed Natasha
   810 | D:2      | Killed from afar by Natasha

Vault maps used:
D:1:      scummos_arrival_star, st_stairs_4
D:2:      makhleb_grotto_becter, nrook_mini_backslash, uniq_terence,
          uniq_natasha

Action                   || total
-------------------------++-------
Melee: Hand axe          ||    86
 Cast: Infusion          ||     6
  Use: Scroll            ||    12
       Potion            ||     2
 Stab: Sleeping          ||     1
       Invisible         ||     2

Table legend:
 A = Turns spent in this place as a percentage of turns spent in the entire game.
 B = Non-inter-level travel turns spent in this place as a percentage of non-inter-level travel turns spent in the entire game.
 C = Inter-level travel turns spent in this place as a percentage of turns spent in this place.
 D = Turns resting spent in this place as a percentage of non-inter-level travel turns spent in this place.
 E = Turns spent auto-exploring this place as a percentage of non-inter-level travel turns spent in this place.
 F = Non-inter-level travel turns spent in this place divided by the number of levels of this place that you've seen.
                   A       B       C       D       E      F
               +-------+-------+-------+-------+-------+----------------------
         Total | 100.0 | 100.0 |   0.2 |   0.6 |   0.0 | 325.5
       Dungeon | 100.0 | 100.0 |   0.2 |   0.6 |   0.0 | 325.5
               +-------+-------+-------+-------+-------+----------------------

Table legend:
 A = Kills in this place as a percentage of kills in entire the game.
 B = Kills by you in this place as a percentage of kills by you in the entire game.
 C = Kills by friends in this place as a percentage of kills by friends in the entire game.
 D = Other kills in this place as a percentage of other kills in the entire game.
 E = Experience gained in this place as a percentage of experience gained in the entire game.
 F = Experience gained in this place divided by the number of levels of this place that you have seen.
                   A       B       C       D       E      F
               +-------+-------+-------+-------+-------+----------------------
         Total | 100.0 | 100.0 |  -nan |  -nan | 100.0 |  36.0
       Dungeon | 100.0 | 100.0 |  -nan |  -nan | 100.0 |  36.0
               +-------+-------+-------+-------+-------+----------------------

Vault maps used:
D:1:      scummos_arrival_star, st_stairs_4
D:2:      makhleb_grotto_becter, nrook_mini_backslash, uniq_terence,
          uniq_natasha
